 Dungeon Crawl Stone Soup version 0.29.1-2-gbd0b4ee654 (webtiles) character file.

Game seed: 5292287326420523593

46 DemonSlayer the Firebug (level 3, 0/24 HPs)
             Began as a Demonspawn Fire Elementalist on Nov 24, 2022.
             Slain by Terence
             ... wielding a +0 mace
              (6 damage)
             ... on level 2 of the Dungeon.
             The game lasted 00:02:27 (1739 turns).

DemonSlayer the Firebug (DsFE)                      Turns: 1739, Time: 00:02:27

Health: 0/24       AC:  2    Str: 10    XL:     3   Next: 44%
Magic:  6/6        EV: 12    Int: 16    God:
Gold:   34         SH:  0    Dex: 13    Spells: 1/7 levels left

rFire   . . .      SeeInvis .   d - +2 dagger (freeze)
rCold   . . .      Faith    .   (no shield)
rNeg    . . .      Spirit   .   a - +0 robe
rPois   .          Reflect  .   (helmet restricted)
rElec   .          Harm     .   (no cloak)
rCorr   .          Rampage  .   (no gloves)
Will    .....                   (no boots)
Stlth   +.........              (no amulet)
HPRegen 0.08/turn               (no ring)
MPRegen 0.10/turn               (no ring)

@: confused, ambrosia-drunk
A: antennae 2
a: no special abilities


You were on level 2 of the Dungeon.
You visited 1 branch of the dungeon, and saw 2 of its levels.

You collected 34 gold pieces.

Inventory:

Hand Weapons
 d - a +2 dagger of freezing (weapon)
Armour
 a - a +0 robe (worn)
Scrolls
 e - a scroll of acquirement {unknown}
 f - a scroll of blinking {unknown}
 h - a scroll of poison {unknown}
 i - a scroll of identify {unknown}
 l - a scroll of magic mapping {unknown}
Potions
 j - a potion of attraction {unknown}
 k - 2 potions of heal wounds {unknown}
 m - a potion of flight {unknown}


   Skills:
 + Level 1.9 Dodging
 + Level 2.4 Stealth
 + Level 2.6 Spellcasting
 + Level 1.0 Conjurations
 + Level 3.2 Fire Magic


You had one spell level left.
You knew the following spells:

 Your Spells              Type           Power      Damage    Failure   Level
a - Foxfire               Conj/Fire      36%        2x1d5     9%          1
b - Scorch                Fire           24%        2d6       8%          2
c - Conjure Flame         Conj/Fire      9%         6-21      24%         3

Your spell library contained the following spells:

 Spells                   Type           Power      Damage    Failure   Level
 Inner Flame              Hex/Fire       7%         N/A       30%         3
 Flame Wave               Conj/Fire      9%         2d6       63%         4


Dungeon Overview and Level Annotations

Branches:
Dungeon (2/15)

Altars:

Annotations:
D:2 Terence


Innate Abilities, Weirdness & Mutations

You have a pair of antennae on your head.


Message History

Unknown command.
You conjure some foxfire!
The foxfire hits the worm.
The worm is heavily wounded.
The foxfire hits the worm.
The worm is heavily wounded.
Unknown command.
You conjure some foxfire!
The foxfire hits the worm.
The worm is severely wounded.
An adder comes into view.
The foxfire hits the worm.
The worm is almost dead.
Unknown command.
You conjure some foxfire!
The foxfire hits the worm but does no damage.
The worm is severely wounded.
The foxfire hits the worm.
The worm is almost dead.
The worm misses you.
Unknown command.
You are out of magic!
Unknown command.
You are out of magic!
Magic courses through your body.
The foxfire hits the worm.
You kill the worm!
The foxfire hits Terence but does no damage.
Your magical contamination has completely faded away.
Terence attacks as you move away! Terence hits you with a +0 mace.
Terence attacks as you move away! Terence barely misses you.
Okay, then.
It was a potion of curing.
You feel better. Terence closely misses you.
You closely miss Terence. Terence hits you with a +0 mace.
You hit Terence. You freeze Terence.
Terence is lightly wounded.
Terence hits you with a +0 mace! Terence attacks as you move away!
Terence hits you with a +0 mace!
* * * LOW HITPOINT WARNING * * *
It was a potion of ambrosia.
You are confused.
You feel invigorated. Terence hits you with a +0 mace.
You die...

.........#
.....#####.#.รท.
......)..#
....#####.#...
.........#
....##...>#...
.........###
#.#.##.####...
#######....#
#.#.##.# #...
####.# #.#....#
#### #S#
#...#### #@#
###.# #@#####.#
#.##....#
#.##.#### #)##.#
#.##.# #.##(#
#..(.# #.##.#
######


You could see Terence and an adder.

Vanquished Creatures
  An adder (D:2)
  A worm (D:2)
  An orc (D:2)
  2 bats (D:1)
  An endoplasm (D:1)
  2 giant cockroaches (D:1)
  5 goblins
  4 hobgoblins
  8 kobolds
  A quokka (D:1)
  2 ball pythons
  A rat (D:1)
29 creatures vanquished.

Vanquished Creatures (collateral kills)
  2 foxfires (D:1)
2 creatures vanquished.

Vanquished Creatures (others)
  73 foxfires
73 creatures vanquished.

Grand Total: 104 creatures vanquished

Notes
Turn   | Place    | Note
-------+----------+-------------------------------------------
     0 | D:1      | DemonSlayer the Demonspawn Fire Elementalist began the
                  | quest for the Orb.
     0 | D:1      | Reached XP level 1. HP: 13/13 MP: 3/3
   278 | D:1      | Gained mutation: You have a pair of small antennae on your
                  | head. [demonic ancestry]
   278 | D:1      | Reached XP level 2. HP: 11/19 MP: 5/5
   281 | D:1      | Learned a level 2 spell: Scorch
   469 | D:1      | Reached skill level 3 in Fire Magic
   889 | D:1      | You fall into a shaft and drop 1 floor!
   904 | D:2      | Gained mutation: You have a pair of antennae on your head.
                  | [demonic ancestry]
   904 | D:2      | Reached XP level 3. HP: 14/24 MP: 0/6
  1595 | D:1      | Found a faded altar of an unknown god.
  1659 | D:1      | Learned a level 3 spell: Conjure Flame
  1721 | D:2      | Noticed Terence
  1738 | D:2      | HP: 1/24 [Terence/+0 mace (9)]
  1739 | D:2      | Slain by Terence

Illustrated notes

Levels and vault maps discovered:
D:1:      minmay_arrival_solitary_statue, layout_basic, serial_forest,
          infiniplex_forest_lined_2, infiniplex_forest_lined_3,
          infiniplex_forest_lined_room_2, infiniplex_forest_clump_cross,
          infiniplex_forest_end_2, infiniplex_forest_straight_5,
          infiniplex_forest_pool, infiniplex_forest_join,
          shapermc_ecumenical_altar_hornbeckon
D:2:      minmay_wonky_spiral, layout_basic, minmay_tree_intersection,
          grunt_decor_fettered, uniq_terence

Skill      XL: |  1  2 |
---------------+-------+-----
Fire Magic     | 3 |  3.2
Stealth        | 2 |  2.4
Dodging        | |  1.9
Spellcasting   | |  2.6
Conjurations   | |  1.0

Action                   || total
-------------------------++-------
Melee: Unarmed           ||    12
       Dagger            ||    28
 Cast: Foxfire           ||    42
  Use: Potion            ||     3
 Stab: Sleeping          ||     5
Armor: Robe              ||    11
Dodge: Dodged            ||    38
